 Dungeon Crawl Stone Soup version 0.30.1-11-g7821555f0a (webtiles) character file.

Game seed: 3713904340384861502

32 monsoonserge the Ducker (level 3, -4/30 HPs)
             Began as a Merfolk Monk on Nov 1, 2023.
             Slain by a worm (9 damage)
             ... on level 2 of the Dungeon.
             The game lasted 00:01:16 (961 turns).

monsoonserge the Ducker (Merfolk Monk)               Turns: 961, Time: 00:01:16

Health: -4/30      AC:  4    Str: 11    XL:     3   Next: 27%
Magic:  3/3        EV: 14    Int:  9    God:
Gold:   35         SH:  0    Dex: 18    Spells: 2/2 levels left

rFire   . . .        a - +0 falchion
rCold   . . .        d - orb {light}
rNeg    . . .        b - +0 robe
rPois   .            g - +0 helmet
rElec   .            (no cloak)
rCorr   .            l - +0 pair of gloves
SInv    .            (no boots)
Will    .....        (no amulet)
Stlth   +            (no ring)
HPRegen 0.25/turn    (no ring)
MPRegen 0.08/turn

%: no passive effects
@: glowing
A: (nimble swimmer 2), mertail
a: no special abilities


You were on level 2 of the Dungeon.
You visited 1 branch of the dungeon, and saw 2 of its levels.

You collected 35 gold pieces.

Inventory:

Hand Weapons
 a - a +0 falchion (weapon)
 h - a +0 sling
Armour
 b - a +0 robe (worn)
 d - an orb of light (worn)
 g - a +0 helmet (worn)
 l - a +0 pair of gloves (worn)
Scrolls
 f - 4 scrolls of teleportation {unknown}
 j - a scroll of torment {unknown}
 m - a scroll of noise {unknown}
Potions
 c - 2 potions of ambrosia
 e - a potion of heal wounds {unknown}
 i - a potion of curing {unknown}
 k - 2 potions of resistance {unknown}


   Skills:
 + Level 3.7 Fighting
 + Level 4.3 Long Blades
 + Level 4.5 Dodging


You had 2 spell levels left.
You didn't know any spells.
Your spell library was empty.

Dungeon Overview and Level Annotations

Branches:
Dungeon (2/15)

Altars:


Innate Abilities, Weirdness & Mutations

((You are very nimble when in or above water. (Stealth+, EV+, Speed+++)))
Your lower body shifts to a powerful aquatic tail in water.


Message History

You hit the bat but do no damage. The bat misses you.
You slash the bat!
You kill the bat!
No target in view!
No target in view!
A quokka comes into view.
You see here a murky clear potion.
k - 2 murky clear potions (gained 1)
The quokka barely misses you.
You see here 3 gold pieces.
You hit the quokka.
The quokka is moderately wounded.
The quokka misses you.
You hit the quokka.
You kill the quokka!
Found a scroll labelled KIFIFA PUULE.
You see here a quokka corpse.
You see here a quokka corpse.
You now have 35 gold pieces (gained 3).
There are no items here.
You see here a quokka corpse.
A worm comes into view.
m - a scroll labelled KIFIFA PUULE
There are no items here.
You see here a scroll labelled HOPUNO JULAGI.
f - 4 scrolls labelled HOPUNO JULAGI (gained 1)
The worm bites you!
You slash the worm!
The worm is heavily wounded.
The worm bites you!
You hit the worm.
The worm is heavily wounded.
You hit the worm.
The worm is heavily wounded.
The worm bites you!
* * * LOW HITPOINT WARNING * * *
You hit the worm.
The worm is heavily wounded.
The worm bites you!
You die...

#. .### ..# #.#
######.######
............##.#
#####.........#
######.w........#
.......@.###.##.#
#######.†###.# #
#.....#.##
#........#.
#..........#
#........#.#
#<†.†.#.## #
###.#.#.# #....!.


You could see a worm.

Vanquished Creatures
  An adder (D:2)
  A dart slug (D:1)
  2 ball pythons (D:1)
  2 endoplasms (D:1)
  A giant cockroach (D:1)
  2 goblins (D:1)
  3 hobgoblins (D:1)
  2 kobolds (D:1)
  A quokka (D:2)
  4 bats
  A frilled lizard (D:1)
20 creatures vanquished.

Notes
Turn   | Place    | Note
-------+----------+-------------------------------------------
     0 | D:1      | monsoonserge the Merfolk Monk began the quest for the Orb.
     0 | D:1      | Reached XP level 1. HP: 18/18 MP: 1/1
   252 | D:1      | Reached XP level 2. HP: 24/24 MP: 2/2
   926 | D:2      | Reached XP level 3. HP: 19/30 MP: 3/3
   961 | D:2      | Slain by a worm

Illustrated notes

Levels and vault maps discovered:
D:1:      saegor_arrival_simple_e, layout_loops_ring, amethyst_killhole
D:2:      layout_loops_ring, basic_altar, serial_shops, shop,
          nicolae_shop_tiny_statue_garden, shop_fountains, nicolae_square_shop,
          shop, basic_ecumenical_altar, st_stairs_11

Skill      XL: |  1  2 |
---------------+-------+-----
Long Blades    | 4 |  4.3
Fighting       | |  3.7
Dodging        | |  4.5

Action                     || total
---------------------------++-------
  Melee: Falchion          ||    49
 Armour: Robe              ||    14
  Dodge: Dodged            ||    37
